 Dungeon Crawl Stone Soup version 0.24-a0-434-gd57e52fea8 (webtiles) character file.

Game seed: 85263478697755506

217516 theanonym the Executioner (level 18, -11/223 HPs)
             Began as a Demonspawn Berserker on June 15, 2019.
             Was a High Priest of Makhleb.
             Shot with an arrow by Vashnia (21 damage)
             ... on level 2 of the Snake Pit.
             The game lasted 00:59:39 (35271 turns).

theanonym the Executioner (Demonspawn Berserker)   Turns: 35271, Time: 00:59:39

Health: -11/223    AC: 30    Str: 26 (28) XL:     18   Next: 76%
Magic:  6/6        EV: 12    Int:  7      God:    Makhleb [*****.]
Gold:   2554       SH:  0    Dex: 12      Spells: 17/17 levels left

rFire    + . .     SeeInvis .   a - +4 executioner's axe of Woner {antimagic, rF+ rN+ Int-5}
rCold    + . .     Gourm    .   (shield currently unavailable)
rNeg     + + .     Faith    +   H - +1 plate armour {rC+}
rPois    +         Spirit   .   (helmet unavailable)
rElec    +         Reflect  .   I - +2 cloak {+Inv}
rCorr    .         Harm     .   U - +2 pair of gloves
MR       +....                  s - +1 pair of boots
Stlth    ..........             A - amulet of faith
HPRegen  0.47/turn              b - ring of Oseacege {rElec rPois Stlth+}
MPRegen  0.10/turn              E - +4 ring of evasion

@: berserking (expiring), slowed
A: horns 3, icy blue scales 2, foul stench 1, negative energy resistance 1,
spiny 2, rot immunity
a: Minor Destruction, Lesser Servant of Makhleb, Major Destruction, Greater
Servant of Makhleb, Renounce Religion, Evoke Invisibility


Innate Abilities, Weirdness & Mutations

You have a pair of large horns on your head.
You are mostly covered in icy blue scales. (AC +3)
You may emit foul miasma when damaged in melee.
You resist negative energy. (rN+)
You are mostly covered in sharp spines.
You are immune to rotting.


   Skills:
 + Level 15.2 Fighting
 + Level 21.9 Axes
 + Level 14.1 Armour
 - Level 1.7 Dodging


You had 17 spell levels left.
You didn't know any spells.
Your spell library contained the following spells:

 Spells                   Type           Power        Failure   Level  Hunger
 Animate Skeleton         Necr           N/A          98%         1    ##.....
 Apportation              Tloc           #.....       98%         1    ##.....
 Confusing Touch          Hex            #.....       98%         1    ##.....
 Corona                   Hex            #......      98%         1    ##.....
 Flame Tongue             Conj/Fire      #....        98%         1    ##.....
 Pain                     Necr           #...         98%         1    ##.....
 Sandblast                Erth           #.....       98%         1    ##.....
 Summon Small Mammal      Summ           #...         98%         1    ##.....
 Call Imp                 Summ           #.......     99%         2    ###....
 Ensorcelled Hibernation  Hex/Ice        #.....       99%         2    ###....
 Passwall                 Tmut/Erth      #.......     99%         2    ###....
 Throw Flame              Conj/Fire      #.....       99%         2    ###....
 Call Canine Familiar     Summ           #.......     100%        3    ####...
 Confuse                  Hex            #.......     100%        3    ####...
 Conjure Flame            Conj/Fire      #.......     100%        3    ####...
 Dazzling Spray           Conj/Hex       #.....       100%        3    ####...
 Gell's Gravitas          Tloc           #.........   100%        3    ####...
 Inner Flame              Hex/Fire       #.......     100%        3    ####...
 Regeneration             Chrm/Necr      #.........   100%        3    ####...
 Stone Arrow              Conj/Erth      #.....       100%        3    ####...
 Summon Guardian Golem    Hex/Summ       #.......     100%        3    ####...
 Tukima's Dance           Hex            #.......     100%        3    ####...
 Vampiric Draining        Necr           #.........   100%        3    ####...
 Animate Dead             Necr           N/A          100%        4    #####..
 Petrify                  Tmut/Erth      #.......     100%        4    #####..
 Sticky Flame             Conj/Fire      #.......     100%        4    #####..
 Summon Ice Beast         Ice/Summ       #.......     100%        4    #####..
 Summon Lightning Spire   Summ/Air       #.......     100%        4    #####..
 Bolt of Magma            Conj/Fire/Erth #.........   100%        5    ######.
 Fireball                 Conj/Fire      #.........   100%        5    ######.
 Iskenderun's Battlesphe  Conj/Chrm      #.......     100%        5    ######.
 Lee's Rapid Deconstruct  Erth           #.........   100%        5    ######.
 Metabolic Englaciation   Hex/Ice        #.........   100%        5    ######.
 Venom Bolt               Conj/Pois      #.........   100%        5    ######.
 Yara's Violent Unravell  Hex/Tmut       #.........   100%        5    ######.
 Iron Shot                Conj/Erth      #.........   100%        6    #######
 Orb of Destruction       Conj           #.........   100%        7    #######
 Spellforged Servitor     Conj/Summ      #.........   100%        7    #######

Skill      XL: |  1  2  3  4  5  6  7  8  9 10 11 12 13 14 15 16 17 18 |
---------------+-------------------------------------------------------+-----
Axes           | 3 4 5 6 7 9 11 13 15 16 17 18 19 20 21 | 21.9
Armour         | 4 7 8 10 11 13 14 | 14.1
Fighting       | 5 8 9 11 12 14 15 | 15.2
Dodging        | |  1.7

Action                   |  1- 3 |  4- 6 |  7- 9 | 10-12 | 13-15 | 16-18 || total
-------------------------+-------+-------+-------+-------+-------+-------++-------
Melee: Hand axe          |    81 |   118 |       |       |       |       ||   199
       Headbutt          |       |    23 |    36 |   116 |   188 |   258 ||   621
       War axe           |       |    12 |   195 |   251 |       |       ||   458
       Battleaxe         |       |       |       |   199 |   728 |   105 ||  1032
       Executioner's axe |       |       |       |       |       |   997 ||   997
Throw: Throwing net      |       |       |       |       |       |     1 ||     1
Invok: Berserk           |     3 |     4 |     6 |    18 |    20 |     1 ||    52
       Trog's Hand       |       |       |       |     2 |     4 |       ||     6
       Brothers in Arms  |       |       |       |       |     1 |       ||     1
Evoke: Wand              |       |       |       |       |     8 |     4 ||    12
       Lamp of fire      |       |       |       |       |       |     1 ||     1
  Use: Scroll            |       |     9 |     4 |    10 |     5 |    19 ||    47
       Potion            |       |       |     1 |     1 |     1 |    13 ||    16
 Stab: Invisible         |       |       |       |     9 |       |       ||     9
       Petrified         |       |       |       |       |     4 |       ||     4
       Distracted        |       |       |       |       |       |     1 ||     1
       Confused          |       |       |       |       |       |     1 ||     1
  Eat: Chunk             |     5 |    11 |    17 |    19 |    41 |    10 ||   103
       Ration            |       |       |       |     5 |     2 |    14 ||    21
Armor: Animal skin       |    13 |       |       |       |       |       ||    13
       Scale mail        |     5 |    63 |    14 |       |       |       ||    82
       Chain mail        |       |       |    98 |   117 |       |       ||   215
       Plate armour      |       |       |       |   110 |   409 |   690 ||  1209
Dodge: Dodged            |    59 |    63 |    71 |   135 |   309 |   480 ||  1117

Inventory:

Hand Weapons
 a - the +4 executioner's axe of Woner (weapon) {antimagic, rF+ rN+ Int-5}

   It reduces the magical energy of the wielder, and disrupts the spells and
   magical abilities of those hit.
   Natural abilities and divine invocations are not affected.
   It affects your intelligence (-5).
   It protects you from fire.
   It protects you from negative energy.
Armour
 s - a +1 pair of boots (worn)
 H - a +1 plate armour of cold resistance (worn)
 I - a +2 cloak of invisibility (worn)
 L - a scarf of spirit shield
 N - a +2 plate armour of fire resistance
 U - a +2 pair of gloves (worn)
Jewellery
 b - the ring of Oseacege (left hand) {rElec rPois Stlth+}

   [ring of stealth]

   It insulates you from electricity.
   It protects you from poison.
   It makes you more stealthy.
 l - the ring of Xom's Fair Game {MP+9 Str+6 SInv}

   [ring of magical power]

   It affects your strength (+6).
   It affects your magic capacity (+9).
   It lets you see invisible.
 m - the amulet "Ipequoti" {Spirit rF+ MR+ Str+3 Stlth+}

   [amulet of guardian spirit]

   It causes incoming damage to be split between your health and magic.
   It affects your strength (+3).
   It protects you from fire.
   It affects your resistance to hostile enchantments.
   It makes you more stealthy.
 A - an amulet of faith (around neck)
 E - a +4 ring of evasion (right hand)
 M - an uncursed ring of protection from cold
 P - the ring of Lunib {rF+ rN+ Dex+4}

   [ring of protection from fire]

   It affects your dexterity (+4).
   It protects you from fire.
   It protects you from negative energy.
 R - the ring "Huclirise" {rPois rF- rCorr Str+4 Int+4}

   [ring of resist corrosion]

   It affects your strength (+4).
   It affects your intelligence (+4).
   It makes you vulnerable to fire.
   It protects you from poison.
   It provides partial protection from all sources of acid and corrosion.
Wands
 c - a wand of clouds (3)
 d - a wand of digging (9)
 o - a wand of scattershot (10)
 v - a wand of acid (15)
 x - a wand of disintegration (18)
 C - a wand of paralysis (9)
 O - a wand of iceblast (5)
Scrolls
 f - 6 scrolls of fog
 i - 3 scrolls of immolation
 k - a scroll of fear
 n - 7 scrolls of remove curse
 r - 4 scrolls of identify
 t - 14 scrolls of teleportation
 y - 2 scrolls of magic mapping
 B - 5 scrolls of blinking
 D - 5 scrolls of enchant weapon
 Q - a scroll of random uselessness {unknown}
 S - a scroll of enchant armour
 V - 4 scrolls of amnesia
 W - a scroll of brand weapon
 Y - a scroll of summoning
Potions
 h - a potion of haste
 j - 3 potions of agility
 q - 7 potions of heal wounds
 u - 2 potions of lignification
 w - 10 potions of curing
 z - 6 potions of brilliance
 F - a potion of magic
 G - 2 potions of flight
 J - 3 potions of mutation
 K - 2 potions of cancellation
 T - 3 potions of ambrosia
Miscellaneous
 g - a lamp of fire
Comestibles
 e - 33 rations


You were on level 2 of the Snake Pit.
You worshipped Makhleb.
Makhleb was extremely pleased with you.
You were very full.

You visited 5 branches of the dungeon, and saw 28 of its levels.
You also visited: Trove and Volcano.

You collected 3594 gold pieces.
You spent 1040 gold pieces at shops.

Dungeon Overview and Level Annotations

Branches:
Dungeon (15/15)            Temple (0/1) D:6            Lair (6/6) D:10
 Shoals (0/4) Lair:3        Snake (2/4) Lair:3        Slime (0/5) Lair:6
    Orc (2/2) D:9             Elf (3/3) Orc:2        Vaults (0/5) D:13
 Depths (0/5) D:15

Altars:
Ashenzari
Cheibriados
Dithmenos
Gozag
Kikubaaqudgha
Makhleb
Nemelex Xobeh
Qazlal
Ru
Sif Muna
Wu Jian
The Shining One
Beogh
Jiyva

Shops:
D:5 *   D:12 *   Orc:2 *%}*   Elf:2 [

Annotations:
Snake:2 Vashnia
Elf:3 exclusion: upstairs

#..##...........##
#..####.........## #...#
#........## ...#
##........#
..######........##
............#N..#
............#..#### ###
...#####...N......#N.NN.
...# ##.(..(((@N.# ...##
##......#### #...##
#....### .....######...#
..#..........##
...#.........##
..###.........###
#.#.............##
##.†.........##..###


You could see Vashnia and 5 naga sharpshooters.

Notes
Turn   | Place    | Note
-------+----------+-------------------------------------------
     0 | D:1      | theanonym the Demonspawn Berserker began the quest for the
                  | Orb.
     0 | D:1      | Reached XP level 1. HP: 18/18 MP: 1/1
    89 | D:1      | HP: 9/18 [goblin (3)]
   356 | D:1      | Reached skill level 3 in Axes
   547 | D:1      | Gained mutation: You are immune to rotting. [demonic
                  | ancestry]
   547 | D:1      | Reached XP level 2. HP: 13/24 MP: 2/2
   549 | D:1      | HP: 17/36 [kobold/stone (2)]
  1224 | D:2      | Reached ** piety under Trog
  1283 | D:2      | Found an ancient bone altar of Kikubaaqudgha.
  1283 | D:2      | Found a stormy altar of Qazlal.
  1492 | D:2      | Gained mutation: You may emit foul miasma when damaged in
                  | melee. [demonic ancestry]
  1492 | D:2      | Reached XP level 3. HP: 29/29 MP: 3/3
  1570 | D:2      | HP: 13/29 [worm (5)]
  1599 | D:2      | HP: 14/29 [giant cockroach (1)]
  1773 | D:2      | Reached skill level 4 in Axes
  1868 | D:3      | Noticed Jessica
  1884 | D:3      | Killed Jessica
  1892 | D:3      | Reached XP level 4. HP: 35/35 MP: 4/4
  2026 | D:3      | Found a faded altar of an unknown god.
  2090 | D:3      | Found an ornate altar of the Wu Jian Council.
  2094 | D:3      | Found a shattered altar of Ashenzari.
  2103 | D:3      | Found a snail-covered altar of Cheibriados.
  2136 | D:3      | Reached skill level 5 in Axes
  2260 | D:3      | Noticed Terence
  2265 | D:3      | Gained mutation: You have a pair of small horns on your
                  | head. [demonic ancestry]
  2265 | D:3      | Reached XP level 5. HP: 41/41 MP: 5/5
  2269 | D:3      | Killed Terence
  2556 | D:3      | Found a sacrificial altar of Ru.
  3372 | D:4      | Reached skill level 6 in Axes
  3550 | D:4      | Gained mutation: You are partially covered in sharp spines.
                  | [demonic ancestry]
  3550 | D:4      | Reached XP level 6. HP: 32/47 MP: 6/6
  3823 | D:4      | Found a burning altar of Makhleb.
  4024 | D:5      | Entered Level 5 of the Dungeon
  4058 | D:5      | Found a glowing golden altar of the Shining One.
  4084 | D:5      | Noticed a sky beast
  4091 | D:5      | Killed a sky beast
  4091 | D:5      | Reached skill level 7 in Axes
  4112 | D:5      | Gained mutation: You have a pair of horns on your head.
                  | [demonic ancestry]
  4112 | D:5      | Reached XP level 7. HP: 51/52 MP: 7/7
  4164 | D:5      | Reached *** piety under Trog
  4251 | D:5      | Found Aliun's Assorted Antiques.
  4273 | D:5      | Bought a square zirconium amulet for 125 gold pieces
  4273 | D:5      | Bought a scroll labeled ZIUQEG UNIXKONU for 25 gold pieces
  4275 | D:5      | Bought a red potion for 22 gold pieces
  4275 | D:5      | Bought a red potion for 22 gold pieces
  4640 | D:6      | Reached skill level 8 in Axes
  4783 | D:6      | HP: 20/52 [orc warrior/cursed -3 trident (18)]
  4789 | D:6      | HP: 14/78 [poisoned by an orc]
  4793 | D:6      | HP: 6/52 [poisoned by an orc]
  4798 | D:6      | HP: 22/52 [poisoned by an orc]
  4804 | D:6      | HP: 21/52 [poisoned by an orc]
  4809 | D:6      | HP: 20/52 [poisoned by an orc]
  5125 | D:6      | Found a staircase to the Ecumenical Temple.
  5128 | D:6      | Reached skill level 9 in Axes
  5128 | D:6      | Reached XP level 8. HP: 46/58 MP: 8/8
  5201 | D:6      | Noticed Blork the orc
  5208 | D:6      | Killed Blork the orc
  5656 | D:7      | Found a sparkling altar of Nemelex Xobeh.
  5661 | D:7      | Reached skill level 10 in Axes
  6182 | D:8      | Noticed a hippogriff
  6192 | D:8      | Killed a hippogriff
  6192 | D:8      | Reached skill level 11 in Axes
  6192 | D:8      | Gained mutation: You are partially covered in icy blue
                  | scales. (AC +2) [demonic ancestry]
  6192 | D:8      | Reached XP level 9. HP: 63/63 MP: 9/9
  6192 | D:8      | Reached **** piety under Trog
  6372 | D:8      | Found a sacrificial altar of Ru.
  6516 | D:8      | Reached skill level 12 in Axes
  6612 | D:8      | Found an opulent altar of Gozag.
  7247 | D:9      | Reached skill level 13 in Axes
  7318 | D:9      | Gained mutation: You have a pair of large horns on your
                  | head. [demonic ancestry]
  7318 | D:9      | Reached XP level 10. HP: 61/70 MP: 10/10
  7411 | D:9      | Found a staircase to the Orcish Mines.
  7601 | D:9      | Got a scorched marble ring
  7679 | D:9      | Killed an unseen horror
  7851 | D:10     | Entered Level 10 of the Dungeon
  7931 | D:10     | Found a transporter.
  7945 | D:10     | Noticed Kuinu's ghost (novice DrBe)
  7946 | D:10     | Noticed a moth of wrath
  7957 | D:10     | Found a transporter.
  7975 | D:10     | Killed a moth of wrath
  7975 | D:10     | Reached skill level 14 in Axes
  7984 | D:10     | Reached ***** piety under Trog
  7986 | D:10     | Killed Kuinu's ghost
  7988 | D:10     | HP: 51/105 [komodo dragon (20)]
  8110 | D:10     | Got a scorched jade ring
  8128 | D:10     | Identified the ring "Huclirise" {rPois rF- rCorr Str+4
                  | Int+4} (You found it on level 9 of the Dungeon)
  8130 | D:10     | Identified the ring of Lunib {rF+ rN+ Dex+4} (You found it
                  | on level 10 of the Dungeon)
  8212 | D:10     | Reached skill level 15 in Axes
  8212 | D:10     | Gained mutation: You are mostly covered in icy blue scales.
                  | (AC +3) [demonic ancestry]
  8212 | D:10     | Reached XP level 11. HP: 75/75 MP: 6/11
  8214 | D:10     | Found a staircase to the Lair.
  8636 | D:9      | Noticed a deep elf mage
  8660 | D:9      | Killed a deep elf mage
  8660 | D:9      | Received a gift from Trog
  9060 | D:11     | Reached skill level 2 in Armour
  9078 | D:11     | Noticed a brown ugly thing
  9085 | D:11     | Killed a brown ugly thing
  9522 | D:11     | Reached skill level 4 in Fighting
  9522 | D:11     | Reached skill level 3 in Armour
  9683 | D:11     | Reached skill level 4 in Armour
  9846 | D:11     | Reached skill level 5 in Fighting
  9860 | D:12     | Noticed a green ugly thing
  9956 | Orc:1    | Entered Level 1 of the Orcish Mines
  9963 | Orc:1    | Reached skill level 16 in Axes
  9964 | Orc:1    | Noticed an orc high priest
  9965 | Orc:1    | HP: 40/80 [orc priest/divine providence[an orc high priest]
                  | (9)]
  9967 | Orc:1    | Noticed a sun demon
  9970 | Orc:1    | HP: 49/120 [sun demon[an orc high priest] (8)]
  9971 | Orc:1    | HP: 15/120 [sun demon[an orc high priest] (17)]
 10219 | Orc:1    | Noticed an orc knight
 10223 | Orc:1    | Killed an orc high priest
 10223 | Orc:1    | Received a gift from Trog
 10224 | Orc:1    | Noticed an orc knight
 10226 | Orc:1    | Reached XP level 12. HP: 87/87 MP: 7/12
 10363 | Orc:1    | Reached skill level 6 in Fighting
 10363 | Orc:1    | Reached skill level 5 in Armour
 10378 | Orc:1    | HP: 52/133 [orc warrior/+0 halberd (18)]
 11124 | Orc:1    | HP: 37/89 [cyclops (15)]
 11726 | Orc:2    | Entered Level 2 of the Orcish Mines
 11726 | Orc:2    | Noticed Donald
 11736 | Orc:2    | Noticed a two-headed ogre
 11737 | Orc:2    | Killed Donald
 11737 | Orc:2    | Reached skill level 7 in Fighting
 11737 | Orc:2    | Reached skill level 6 in Armour
 11747 | Orc:2    | Killed a two-headed ogre
 11841 | Orc:2    | Reached ****** piety under Trog
 12185 | Orc:1    | Noticed an orc warlord
 12198 | Orc:1    | Killed an orc warlord
 12688 | Orc:2    | Received a gift from Trog
 12802 | Orc:2    | Found a staircase to the Elven Halls.
 12852 | Orc:2    | Reached skill level 8 in Fighting
 12864 | Orc:2    | Paralysed by an orc sorcerer for 3 turns
 12868 | Orc:2    | Reached skill level 17 in Axes
 12868 | Orc:2    | Reached skill level 7 in Armour
 12870 | Orc:2    | HP: 62/138 [hellwing[an orc sorcerer] (11)]
 12872 | Orc:2    | Reached XP level 13. HP: 66/98 MP: 5/13
 13176 | Orc:2    | Noticed an orc warlord
 13188 | Orc:2    | Killed an orc warlord
 13194 | Orc:2    | Found a roughly hewn altar of Beogh.
 13359 | Orc:2    | Found a roughly hewn altar of Beogh.
 13414 | Orc:2    | Received a gift from Trog
 13456 | Orc:2    | Found Zutiowk's Assorted Antiques.
 13468 | Orc:2    | Bought a scroll of identify for 34 gold pieces
 13475 | Orc:2    | Found Ideba's Food Shop.
 13841 | Orc:2    | Found Micean's General Store.
 13910 | Orc:2    | Found Erphaacw's Gadget Emporium.
 13920 | Orc:2    | Reached skill level 9 in Fighting
 14097 | Orc:2    | Reached skill level 8 in Armour
 14431 | Lair:1   | Entered Level 1 of the Lair of Beasts
 15385 | Lair:2   | Found a dark tunnel.
 15396 | Volcano  | Entered a volcano
 15415 | Volcano  | HP: 38/101 [earth elemental (16)]
 15696 | Volcano  | Received a gift from Trog
 15713 | Volcano  | Reached skill level 18 in Axes
 16119 | Lair:2   | Reached XP level 14. HP: 109/109 MP: 14/14
 16881 | Lair:3   | Found a staircase to the Shoals.
 16954 | Lair:3   | Found a staircase to the Snake Pit.
 17384 | Lair:4   | Reached skill level 10 in Fighting
 17386 | Lair:4   | Reached skill level 9 in Armour
 19274 | Lair:6   | Entered Level 6 of the Lair of Beasts
 19286 | Lair:6   | Noticed Nessos
 19303 | Lair:6   | Killed Nessos
 19390 | Lair:6   | HP: 50/111 [elephant (10)]
 19415 | Lair:6   | Reached skill level 10 in Armour
 19437 | Lair:6   | Reached skill level 11 in Fighting
 19609 | Lair:6   | Noticed Snorg
 19617 | Lair:6   | Killed Snorg
 19617 | Lair:6   | Reached skill level 19 in Axes
 19707 | Lair:6   | Received a gift from Trog
 19742 | Lair:6   | Found a viscous altar of Jiyva.
 19742 | Lair:6   | Found a staircase to the Slime Pits.
 19761 | Lair:6   | Gained mutation: You are mostly covered in sharp spines.
                  | [demonic ancestry]
 19761 | Lair:6   | Reached XP level 15. HP: 93/119 MP: 5/15
 19939 | Lair:6   | Found a deep blue altar of Sif Muna.
 20737 | Lair:6   | Paralysed by a floating eye for 3 turns
 20742 | Lair:6   | Paralysed by a floating eye for 3 turns
 21061 | Lair:6   | Reached XP level 16. HP: 127/127 MP: 5/16
 21446 | D:5      | Bought a scroll of teleportation for 75 gold pieces
 21446 | D:5      | Bought a potion of heal wounds for 125 gold pieces
 21446 | D:5      | Bought a green potion for 22 gold pieces
 21446 | D:5      | Bought a potion of cancellation for 200 gold pieces
 21446 | D:5      | Bought a potion of agility for 100 gold pieces
 21446 | D:5      | Bought a potion of agility for 100 gold pieces
 21607 | Orc:2    | Bought a scroll of enchant weapon for 75 gold pieces
 21607 | Orc:2    | Bought a scroll of blinking for 75 gold pieces
 21607 | Orc:2    | Bought a potion of agility for 40 gold pieces
 21741 | D:12     | Found Aqac Kei's Mayhem Merchandise.
 21842 | D:12     | Reached skill level 12 in Fighting
 21978 | D:12     | Reached skill level 11 in Armour
 22432 | D:13     | Noticed Azrael
 22444 | D:13     | Received a gift from Trog
 22448 | D:13     | Got a shimmering executioner's axe {god gift}
 22449 | D:13     | Identified the +4 executioner's axe of Woner {antimagic,
                  | rF+ rN+ Int-5} (Trog gifted it to you on level 13 of the
                  | Dungeon)
 22456 | D:13     | Killed Azrael
 22750 | D:4      | Fell from the grace of Trog
 22750 | D:4      | Became a worshipper of Makhleb the Destroyer
 23201 | D:13     | Noticed Kirke
 23213 | D:13     | Killed Kirke
 23946 | D:13     | Reached * piety under Makhleb
 23969 | D:13     | HP: 57/129 [troll[the rage of Trog] (8)]
 24185 | D:13     | Reached skill level 20 in Axes
 24250 | D:13     | Found a gate to the Vaults.
 24341 | D:13     | Noticed Josephine
 24351 | D:13     | Killed Josephine
 24474 | D:14     | Found a shadowy altar of Dithmenos.
 24579 | D:14     | Reached ** piety under Makhleb
 24898 | D:15     | Entered Level 15 of the Dungeon
 24987 | D:15     | Found a staircase to the Depths.
 25008 | D:15     | HP: 57/129 [white ugly thing (31)]
 25519 | D:15     | Reached XP level 17. HP: 135/135 MP: 5/17
 25552 | D:15     | Reached *** piety under Makhleb
 25552 | D:15     | Reached skill level 13 in Fighting
 25642 | D:15     | Reached skill level 12 in Armour
 25798 | D:15     | Found a portal to a secret trove of treasure.
 25876 | Trove    | Entered a treasure trove
 25881 | Trove    | Got a steaming emerald amulet
 25885 | Trove    | Got a crude silver amulet
 25887 | Trove    | Got a vibrating golden ring
 25889 | Trove    | Got a transparent sapphire amulet
 25910 | Trove    | Got a coiled granite ring
 25921 | Trove    | Got a clouded pewter ring
 25927 | Trove    | Got a scintillating bronze ring
 25934 | Trove    | Identified the amulet "Ipequoti" {Spirit rF+ MR+ Str+3
                  | Stlth+} (You found it in a treasure trove)
 25935 | Trove    | Identified the amulet of Zouwn {Gourm rPois MR+} (You found
                  | it in a treasure trove)
 25936 | Trove    | Identified the amulet "Ziull" {Acrobat Str+4} (You found it
                  | in a treasure trove)
 25940 | Trove    | Identified the ring of Oseacege {rElec rPois Stlth+} (You
                  | found it in a treasure trove)
 25942 | Trove    | Identified the ring of Modesty {Ice rPois rN+ Str-3 Stlth+}
                  | (You found it in a treasure trove)
 25944 | Trove    | Identified the ring "Ettoag" {+Blink Int+3 SInv} (You found
                  | it in a treasure trove)
 25946 | Trove    | Identified the ring of Xom's Fair Game {MP+9 Str+6 SInv}
                  | (You found it in a treasure trove)
 26192 | Elf:1    | Entered Level 1 of the Elven Halls
 26392 | Elf:1    | HP: 67/136 [rust devil[a deep elf mage] (5)]
 26397 | Elf:1    | HP: 47/136 [jumping spider[a deep elf mage] (2)]
 26402 | Elf:1    | HP: 43/136 [+1 dire flail of protection (1)]
 26406 | Elf:1    | HP: 19/136 [deep elf archer/arrow (13)]
 26414 | Elf:1    | HP: 35/204 [deep elf archer/arrow (6)]
 26433 | Elf:1    | HP: 24/137 [deep elf mage/bolt of lightning (6)]
 26704 | Orc:2    | HP: 62/137 [deep troll[the rage of Trog] (17)]
 27246 | Elf:1    | HP: 64/137 [+0 scimitar of distortion (5)]
 27364 | Elf:1    | Paralysed by Trog for 6 turns
 28515 | Elf:1    | HP: 60/137 [polar bear[the rage of Trog] (23)]
 28515 | Elf:1    | HP: 14/137 [ogre/+0 giant club[the rage of Trog] (25)]
 28515 | Elf:1    | HP: 5/137 [polar bear[the rage of Trog] (2)]
 29255 | Elf:2    | Reached skill level 21 in Axes
 29291 | Elf:2    | HP: 69/138 [earth elemental[a deep elf mage] (12)]
 29301 | Elf:2    | HP: 61/138 [earth elemental[a deep elf mage] (11)]
 29499 | Elf:2    | Found a runed translucent gate.
 29499 | Elf:2    | Found a runed translucent gate.
 29801 | Elf:2    | Found Laluz's Antique Armour Shoppe.
 29878 | Elf:2    | Paralysed by Trog for 5 turns
 29892 | Elf:2    | Found a runed translucent gate.
 30110 | Elf:2    | Noticed Agnes
 30123 | Elf:2    | HP: 66/138 [Agnes/+2 vampiric lajatang (18)]
 30126 | Elf:2    | Killed Agnes
 30128 | Elf:2    | HP: 88/207 [fire elemental[a deep elf mage] (4)]
 30135 | Elf:2    | Reached skill level 14 in Fighting
 30136 | Elf:2    | HP: 81/208 [fire elemental[a deep elf mage] (2)]
 30597 | Elf:2    | Noticed a deep elf blademaster
 30604 | Elf:2    | Killed a deep elf blademaster
 30604 | Elf:2    | Reached skill level 13 in Armour
 30632 | Elf:2    | Gained mutation: You resist negative energy. (rN+) [demonic
                  | ancestry]
 30632 | Elf:2    | Reached XP level 18. HP: 141/146 MP: 9/18
 31081 | Elf:3    | Entered Level 3 of the Elven Halls
 31096 | Elf:3    | Reached **** piety under Makhleb
 31281 | Elf:3    | HP: 68/147 [deep elf mage/shard of ice (20)]
 31299 | Elf:2    | Paralysed by Trog for 6 turns
 31348 | Elf:2    | HP: 71/147 [stone giant[the rage of Trog] (11)]
 31349 | Elf:2    | HP: 28/147 [stone giant[the rage of Trog] (39)]
 31980 | Elf:3    | HP: 67/147 [deep elf master archer/arrow (15)]
 33053 | Snake:1  | Entered Level 1 of the Snake Pit
 33303 | Snake:1  | Reached skill level 15 in Fighting
 34209 | Snake:2  | Noticed Aizul
 34223 | Snake:2  | Killed Aizul
 34504 | Snake:2  | Reached skill level 14 in Armour
 34641 | Snake:2  | Reached ***** piety under Makhleb
 35258 | Snake:2  | Noticed Vashnia
 35264 | Snake:2  | HP: 101/223 [Vashnia/arrow (21)]
 35267 | Snake:2  | HP: 40/223 [naga sharpshooter/arrow[Vashnia] (17)]
 35269 | Snake:2  | HP: 15/223 [naga sharpshooter/arrow[Vashnia] (14)]
 35271 | Snake:2  | Shot with an arrow by Vashnia

Vanquished Creatures
  A deep elf blademaster (Elf:2)
  A deep elf master archer (Elf:3)
  Kirke (D:13)
  Agnes (Elf:2)
  Donald (Orc:2)
  Aizul (Snake:2)
  4 deep elf sorcerers
  2 orc warlords
  3 deep elf elementalists
  2 stone giants
  A deep elf annihilator (Elf:3)
  Azrael (D:13)
  Nessos (Lair:6)
  An ettin (D:15)
  Josephine (D:13)
  Snorg (Lair:6)
  A deep elf high priest (Elf:1)
  4 hydras
  2 naga warriors
  5 vault guards (D:13)
  A catoblepas (Lair:6)
  2 anacondas (Snake:1)
  2 centaur warriors (D:15)
  The ghost of Kuinu the Cleaver, a novice DrBe of Trog (D:10)
  11 death yaks
  A death knight (D:15)
  25 dancing weapons
  7 two-headed ogres
  2 ogre magi (D:15)
  A tengu warrior (D:15)
  6 orc high priests
  3 shock serpents
  23 deep elf knights
  2 naga sharpshooters (Snake:1)
  A hell knight (D:15)
  A fire crab (Lair:4)
  An iron troll (D:13)
  2 skeletal warriors (D:15)
  3 unseen horrors
  4 sea snakes (Snake:2)
  2 deep trolls (Orc:2)
  2 naga ritualists (Snake:1)
  7 deep elf archers
  A phantasmal warrior (D:15)
  2 lindwurms (Volcano)
  3 mana vipers (Snake:1)
  A wolf spider zombie (D:13)
  13 ugly things
  8 orc knights
  6 cyclopes
  4 oklob plants (Lair:6)
  2 salamanders
  65 deep elf magi
  7 orc sorcerers
  A moth of wrath (D:10)
  A manticore (D:15)
  6 naga magi
  11 elephants
  A toenail golem (Volcano)
  19 black mambas
  A guardian serpent (Snake:2)
  4 centaur zombies
  3 centaur skeletons
  A gargoyle (D:9)
  2 kobold demonologists (D:11)
  8 spiny frogs
  2 molten gargoyles (Volcano)
  2 rime drakes
  2 efreet (Volcano)
  8 komodo dragons
  A meliai (shapeshifter) (D:9)
  14 trolls
  5 hornets
  11 polar bears
  10 hippogriffs
  11 blink frogs (Lair:6)
  A dream sheep (Lair:6)
  9 slime creatures
  2 air elementals
  2 water elementals (Elf:3)
  8 wraiths
  2 redbacks (D:13)
  24 yaks
  3 shadows
  11 spriggans (Lair:6)
  4 hungry ghosts
  2 tarantellas (D:13)
  5 wyverns
  5 humans (D:13)
  3 hogs (D:13)
  12 fire elementals
  6 vampire mosquitoes
  6 basilisks
  5 acid dragons
  2 soldier ants
  14 water moccasins
  3 wargs
  16 nagas
  A floating eye (Lair:6)
  3 hell hounds (D:13)
  9 porcupines
  11 black bears
  A black bear (shapeshifter) (Elf:1)
  6 ice beasts
  6 sky beasts
  27 ogres
  3 eyes of draining
  4 phantoms
  23 wolves
  59 orc warriors
  8 boggarts
  16 centaurs
  18 crocodiles
  Blork the orc (D:6)
  19 bullfrogs
  5 big kobolds
  7 earth elementals
  2 wyvern skeletons
  A hornet simulacrum (D:15)
  2 scorpions
  11 killer bees
  12 wights
  2 electric eels
  A howler monkey (D:10)
  9 crimson imps
  A bullfrog zombie (D:7)
  3 quasits
  37 orc priests
  7 hounds
  5 jellies
  7 bullfrog skeletons
  Terence (D:3)
  Jessica (D:3)
  An iguana (D:12)
  25 orc wizards
  11 worker ants
  A hound skeleton (D:5)
  A worker ant zombie (D:10)
  4 gnolls (D:5)
  A howler monkey skeleton (D:4)
  4 adders
  A hound simulacrum (D:9)
  4 shadow imps
  3 adder zombies
  3 worms
  3 leopard geckos
  132 orcs
  3 giant cockroaches
  7 goblins
  14 hobgoblins
  8 jackals
  13 kobolds
  2 quokkas
  A ball python (D:2)
  3 bats
  2 frilled lizards
  A jackal skeleton (D:4)
  2 leopard gecko skeletons
  2 quokka skeletons (D:7)
  2 rats
  A fire vortex (Volcano)
  5 plants
1115 creatures vanquished.

Vanquished Creatures (collateral kills)
  3 elephants (Lair:6)
3 creatures vanquished.

Vanquished Creatures (others)
  2 deep elf knights (Elf:2)
  A mana viper (Snake:1)
  2 humans (D:13)
  A hound (D:13)
  An orc priest (Orc:2)
  2 fire vortices (Volcano)
  4 fungi
  3 plants (Lair:6)
16 creatures vanquished.

Grand Total: 1134 creatures vanquished

Table legend:
 A = Turns spent in this place as a percentage of turns spent in the entire game.
 B = Non-inter-level travel turns spent in this place as a percentage of non-inter-level travel turns spent in the entire game.
 C = Inter-level travel turns spent in this place as a percentage of turns spent in this place.
 D = Turns resting spent in this place as a percentage of non-inter-level travel turns spent in this place.
 E = Turns spent auto-exploring this place as a percentage of non-inter-level travel turns spent in this place.
 F = Non-inter-level travel turns spent in this place divided by the number of levels of this place that you've seen.
                   A       B       C       D       E      F
               +-------+-------+-------+-------+-------+----------------------
         Total | 100.0 | 100.0 |   8.3 |  32.4 |  50.7 | 1078.1
       Dungeon |  43.8 |  42.5 |  11.1 |  27.1 |  57.8 | 916.2
          Lair |  17.9 |  18.3 |   6.0 |  17.1 |  66.2 | 986.8
     Snake Pit |   6.3 |   6.8 |   1.4 |  18.1 |  67.4 | 1093.5
  Orcish Mines |  13.1 |  12.6 |  12.3 |  43.7 |  37.1 | 2031.5
   Elven Halls |  17.0 |  17.8 |   4.0 |  56.1 |  25.1 | 1923.3
         Trove |   0.3 |   0.3 |   0.0 |   0.0 |  13.7 | 102.0
       Volcano |   1.6 |   1.7 |   0.0 |  56.8 |  16.0 | 556.0
               +-------+-------+-------+-------+-------+----------------------
